 Dungeon Crawl Stone Soup version 0.32-a0-940-g8c197d95f1 (webtiles) character file.

Game seed: 15699182373261551301

13 Revguard the Trooper (level 2, 24/24 HPs)
             Began as a Demonspawn Fighter on Apr 16, 2024.
             Got out of the dungeon alive.
             The game lasted 00:00:56 (183 turns).

Revguard the Trooper (Demonspawn Fighter)            Turns: 183, Time: 00:00:57

Health: 24/24      AC:  6    Str: 16    XL:     2   Next: 24%
Magic:  2/2        EV:  8    Int:  8    God:
Gold:   0          SH:  4    Dex: 12    Spells: 1/1 levels left

rFire   . . .        a - +0 war axe
rCold   . . .        c - +0 buckler
rNeg    . . .        b - +0 scale mail
rPois   .            (no helmet)
rElec   .            (no cloak)
rCorr   .            (no gloves)
SInv    .            (no boots)
Will    .....        (no amulet) Stlth
                     (no ring)
HPRegen 0.24/turn    (no ring)
MPRegen 0.08/turn

%: no passive effects
@: no status effects
A: claws 1
a: no special abilities


You escaped.
You visited 1 branch of the dungeon, and saw 1 of its levels.

Inventory:

Hand Weapons
 a - a +0 war axe (weapon)
Armour
 b - a +0 scale mail (worn)
 c - a +0 buckler (worn)
Scrolls
 f - a scroll of identify {unknown}
Potions
 d - a potion of might
 e - 2 potions of curing {unknown}


   Skills:
 + Level 3.0 Fighting
 * Level 2.0 Axes
 + Level 2.7 Armour
 + Level 0.3 Dodging
 * Level 2.9 Shields
 + Level 0.4 Invocations
 + Level 0.3 Evocations


You had one spell level left.
You didn't know any spells.
Your spell library was empty.

Dungeon Overview and Level Annotations

Branches:
Dungeon (1/15)

Altars:


Innate Abilities, Weirdness & Mutations

You have sharp fingernails.


Message History

The hobgoblin barely misses you. The goblin hits you but does no damage.
You block the hobgoblin's attack. The goblin barely misses you.
The dart slug launches a dart at you.
The slug dart hits you but does no damage.
You hit the hobgoblin.
You kill the hobgoblin!
You closely miss the goblin. The goblin closely misses you.
The goblin barely misses you. The goblin hits you but does no damage.
The dart slug launches a dart at you. The slug dart misses you.
Found a scroll labelled EPLIC VOESSO.
The goblin attacks as it pursues you!
The goblin hits you but does no damage. x2
You slash the goblin!
You kill the goblin!
You hit the goblin.
You kill the goblin!
You have reached level 2!
Your demonic ancestry asserts itself...
Your fingernails lengthen.
You see here a +0 dagger.
You hit the dart slug but do no damage. The dart slug launches a dart at you.
The slug dart hits you.
You slash the dart slug!
The dart slug is almost dead.
The dart slug bites you but does no damage.
You slash the dart slug!
You kill the dart slug!
Your Axes skill increases to level 2!
You see here a dart slug corpse.
Things that are here:
a +0 dagger; a goblin corpse
Things that are here:
a giant cockroach corpse; a frilled lizard corpse You see here a rat corpse.
There is an open gate here.
You enter the shallow water.
Moving in this stuff is going to be slow.
There is a staircase leading out of the dungeon here.
You have escaped!

# # #≈ # #≈♣♣ #
#≈≈≈♣♣♣♣♣♣ ## #≈≈≈♣..P@♣
#. #≈≈≈♣.[.♣♣ #.
#≈≈~.....♣♣# #.
#≈≈~.......# ##.
#≈≈~~.....P# ##..
#≈≈≈~......# ###..#
#≈≈~......P# #...##
#≈≈≈....♣.♣#########'''#
#≈≈≈~......♣P.P♣♣.##...##


There were no monsters in sight!

Vanquished Creatures
  A dart slug (D:1)
  A giant cockroach (D:1)
  2 goblins (D:1)
  A hobgoblin (D:1)
  A kobold (D:1)
  A ball python (D:1)
  A bat (D:1)
  2 frilled lizards (D:1)
  A rat (D:1)
11 creatures vanquished.

Notes
Turn   | Place    | Note
-------+----------+-------------------------------------------
     0 | D:1      | Revguard the Demonspawn Fighter began the quest for the
                  | Orb.
     0 | D:1      | Reached XP level 1. HP: 18/18 MP: 1/1
   100 | D:1      | Gained mutation: You have sharp fingernails. [demonic
                  | ancestry]
   100 | D:1      | Reached XP level 2. HP: 23/24 MP: 2/2
   183 | D:$      | Got out of the dungeon alive.

Illustrated notes

Levels and vault maps discovered:
D:1:      kennysheep_arrival_seaside, layout_basic

Skill      XL: |  1  2 |
---------------+-------+-----
Axes           | 2 |  2.0
Fighting       | |  3.0
Armour         | |  2.7
Dodging        | |  0.3
Shields        | |  2.9
Invocations    | |  0.4
Evocations     | |  0.3

Action                     || total
---------------------------++-------
  Melee: War axe           ||    17
 Armour: Scale mail        ||    15
  Dodge: Dodged            ||     8
  Block: Buckler           ||     1

Table legend: (Time is in decaauts)
 A = Elapsed time spent in this place.
 B = Non-inter-level travel time spent in this place.
 C = Inter-level travel time spent in this place.
 D = Time resting spent in this place.
 E = Time spent auto-exploring this place.
 F = Levels seen in this place.
 G = Mean time per level.
                   A        B        C        D        E       F      G
               +--------+--------+--------+--------+--------+-----+--------+
         Total |    192 |    192 |      0 |      0 |     59 |   1 |  192.0 |
       Dungeon |    192 |    192 |      0 |      0 |     59 |   1 |  192.0 |
               +--------+--------+--------+--------+--------+-----+--------+

Top non-repeatable levels by time:
     D:1: 192 daAuts
